 Dungeon Crawl Stone Soup version 0.22-a0-580-gd5db89c (webtiles) character file.

13570 wellist the Cleaver (level 12, -2/115 HPs)
             Began as a Hill Orc Fighter on July 3, 2018.
             Was a High Priest of Okawaru.
             Slain by a red ugly thing (7 damage)
             ... on level 11 of the Dungeon.
             The game lasted 01:17:35 (10576 turns).

wellist the Cleaver (Hill Orc Fighter)             Turns: 10576, Time: 01:17:36

Health: -2/115     AC: 14    Str: 22    XL:     12   Next: 7%
Magic:  12/12      EV:  8    Int:  8    God:    Okawaru [*****.]
Gold:   608        SH:  0    Dex: 12    Spells: 11/11 levels left

rFire    + . .     SeeInvis +   r - +1 war axe
rCold    + . .     Gourm    .   c - +0 shield
rNeg     . . .     Faith    .   b - +1 scale mail
rPois    +         Spirit   .   p - +2 helmet {SInv}
rElec    .         Reflect  .   w - scarf {repulsion}
rCorr    .         Harm     .   E - +0 pair of gloves
MR       .....                  (no boots)
Stlth    ..........             j - amulet of regeneration
HPRegen  0.69/turn              C - ring of poison resistance
MPRegen  0.13/turn              t - ring of protection from fire

@: confused, repel missiles
A: talons 1, blurry vision 1, cold resistance 1
a: Heroism, Finesse, Renounce Religion


You were on level 11 of the Dungeon.
You worshipped Okawaru.
Okawaru was extremely pleased with you.
You were hungry.

You visited 2 branches of the dungeon, and saw 12 of its levels.
You also visited: Labyrinth and Ossuary.

You collected 608 gold pieces.

Inventory:

Hand Weapons
 o - a +2 spear of freezing
 r - a +1 war axe (weapon)
 K - a +4 battleaxe
Armour
 b - a +1 scale mail (worn)
 c - a +0 shield (worn)
 p - a +2 helmet of see invisible (worn)
 w - a scarf of repulsion (worn)
 E - a +0 pair of gloves (worn)
Jewellery
 e - a +2 ring of protection
 j - an amulet of regeneration (around neck)
 l - an uncursed ring of resist corrosion
 t - a ring of protection from fire (right hand)
 C - a ring of poison resistance (left hand)
 I - an uncursed ring of positive energy
 O - a +2 ring of strength
Wands
 n - a wand of disintegration (30)
 u - a wand of clouds (3)
 x - a wand of digging (15)
 A - a wand of iceblast (7)
 D - a wand of paralysis (17)
 G - a wand of acid (8)
Scrolls
 g - 5 scrolls of magic mapping
 i - 3 scrolls of enchant armour
 k - 2 scrolls of fog
 m - 12 scrolls of teleportation
 q - 4 scrolls of identify
 z - 5 scrolls of remove curse
Potions
 a - 6 potions of curing
 d - 4 potions of might
 h - a potion of berserk rage
 s - a potion of degeneration
 B - a potion of ambrosia
 F - a potion of agility
 J - a potion of resistance {unknown}
 L - a potion of haste {unknown}
 M - a potion of mutation
Comestibles
 f - 11 rations


   Skills:
 * Level 13.3 Fighting
 * Level 14.1 Axes
 + Level 9.2 Armour
 + Level 9.1 Shields


You had 11 spell levels left.
You didn't know any spells.
Your spell library contained the following spells:

 Spells                   Type           Power        Failure   Level  Hunger
 Bolt of Magma            Conj/Fire/Erth #.........   100%        5    ######.
 Confuse                  Hex            #.......     99%         3    ####...
 Venom Bolt               Conj/Pois      #.........   100%        5    ######.
 Iron Shot                Conj/Erth      #.........   100%        6    #######
 Confusing Touch          Hex            #.....       91%         1    ##.....
 Metabolic Englaciation   Hex/Ice        #.........   100%        5    ######.
 Petrify                  Tmut/Erth      #.......     100%        4    #####..
 Orb of Destruction       Conj           #.........   100%        7    #######
 Iskenderun's Battlesphe  Conj/Chrm      #.......     100%        5    ######.
 Spellforged Servitor     Conj/Summ      #.........   100%        7    #######
 Gell's Gravitas          Tloc           #.........   99%         3    ####...
 Yara's Violent Unravell  Hex/Tmut       #.........   100%        5    ######.


Dungeon Overview and Level Annotations

Branches:
Dungeon (11/15)            Temple (1/1) D:4            Lair (0/6) D:11
    Orc (0/2) D:11

Altars:
Ashenzari
Cheibriados
Dithmenos
Elyvilon
Gozag
Hepliaklqana
Kikubaaqudgha
Nemelex Xobeh
Okawaru
Qazlal
Ru
Sif Muna
Trog
Uskayaw
Vehumet
Wu Jian
Xom
Yredelemnul
Zin
The Shining One

Annotations:
D:7 2 runed doors, Zorot's ghost, novice FoFi


Innate Abilities, Weirdness & Mutations

You have sharp toenails.
Scrolls take you a little longer to read.
Your flesh is cold resistant. (rC+)


Message History

You slash the red ugly thing! You claw the red ugly thing.
The red ugly thing is heavily wounded.
You hit the red ugly thing but do no damage.
You claw the red ugly thing!
The red ugly thing is severely wounded.
You block the red ugly thing's attack.
You slice the red ugly thing!! Your kick misses the red ugly thing.
The red ugly thing is almost dead.
You block the red ugly thing's attack.
You barely miss the red ugly thing.
The red ugly thing is almost dead.
The red ugly thing headbutts you!
* * * LOW HITPOINT WARNING * * *
You are engulfed in flames!
You resist.
* * * LOW HITPOINT WARNING * * *
You are confused.
You feel invigorated. The red ugly thing headbutts you.
* * * LOW HITPOINT WARNING * * *
You are engulfed in flames!
You resist.
You die...

#.......####........#,+,,,,
#.....### #........#**,,,,
*** ##.#### ##.######*
***** #>####?.######
*..,,,,* #......(.....#
*##***+** #...........∩#
*,,,,,,* *#.#......(...###
*,,,,,,*
#.,#...........†###*,,,,,,*
*,*#..........#(@u#*,,,,,,*
*,*#..........###).'....,,*
*,*#..........# ####....,,*
+,*#..........# *,...,,*
***#..........# *,,,.,,* *
#..........# ********
*,,,.......* ************


You could see a red ugly thing.

Vanquished Creatures
  A minotaur (Lab)
  A hydra (D:11)
  2 two-headed ogres
  Pikel (D:6)
  2 cyclopes
  Maurice (D:8)
  A gargoyle (Lab)
  Psyche (D:8)
  A centaur skeleton (D:10)
  2 minotaur skeletons (Lab)
  Grinder (D:5)
  A hippogriff (D:8)
  18 yaks
  2 basilisks (Lab)
  Grum (D:8)
  A hungry ghost (Lab)
  Menkaure (Ossuary)
  An orc warrior (D:7)
  5 sky beasts
  2 black bears
  A necrophage (D:8)
  2 phantoms
  2 centaurs (D:7)
  2 ogres
  4 wolves (D:8)
  2 crocodiles (D:8)
  An earth elemental (Lab)
  A big kobold (D:8)
  2 bullfrogs
  3 elf skeletons (D:8)
  An elf zombie (D:8)
  6 scorpions
  6 killer bees (D:8)
  4 wights (D:10)
  A howler monkey (D:4)
  5 centaur zombies
  2 crimson imps
  A jelly (D:5)
  4 hounds
  2 human zombies (Ossuary)
  Crazy Yiuf (D:3)
  3 orc priests
  Ijyb (D:3)
  A human skeleton (D:8)
  2 orc wizards
  3 worker ants
  An ogre zombie (Ossuary)
  6 mummies (Ossuary)
  A worker ant zombie (D:5)
  Robin (D:3)
  10 gnolls
  A howler monkey skeleton (D:5)
  17 adders
  5 shadow imps
  4 adder zombies
  3 dart slugs
  4 leopard geckos
  27 orcs
  4 ball pythons
  6 bats
  5 giant cockroaches (D:2)
  A gnoll zombie (Ossuary)
  16 goblins
  8 hobgoblins
  10 jackals
  2 quokkas
  5 frilled lizards
  3 goblin zombies (Ossuary)
  5 hobgoblin zombies (Ossuary)
  12 kobolds
  2 kobold zombies (Ossuary)
  A leopard gecko skeleton (D:3)
  An orc skeleton (D:8)
  An orc zombie (Ossuary)
  A quokka zombie (Ossuary)
  6 rats
  7 rat zombies (Ossuary)
  A fungus (D:8)
  3 plants (Lab)
289 creatures vanquished.

Vanquished Creatures (others)
  An orc priest (D:5)
  2 orc wizards (D:5)
  An orc (D:5)
  A quokka (D:5)
  A fungus (D:8)
  A plant (Lab)
7 creatures vanquished.

Grand Total: 296 creatures vanquished

Notes
Turn   | Place    | Note
-------+----------+-------------------------------------------
     0 | D:1      | wellist the Hill Orc Fighter began the quest for the Orb.
     0 | D:1      | Reached XP level 1. HP: 19/19 MP: 1/1
    28 | D:1      | Reached skill level 3 in Axes
   140 | D:1      | Reached XP level 2. HP: 22/27 MP: 2/2
  1021 | D:2      | Reached XP level 3. HP: 33/33 MP: 3/3
  1251 | D:2      | Reached XP level 4. HP: 41/41 MP: 4/4
  1593 | D:2      | Reached skill level 4 in Axes
  1723 | D:3      | Noticed Ijyb
  1748 | D:3      | Killed Ijyb
  1819 | D:3      | Found a faded altar of an unknown god.
  1898 | D:3      | Noticed Robin
  1911 | D:3      | Reached XP level 5. HP: 30/47 MP: 5/5
  1919 | D:3      | Killed Robin
  2372 | D:3      | Found a runed door.
  2376 | D:3      | Noticed Crazy Yiuf
  2383 | D:3      | Killed Crazy Yiuf
  2383 | D:3      | Reached skill level 5 in Fighting
  2661 | D:3      | Reached skill level 5 in Axes
  2795 | D:3      | Found a deep blue altar of Sif Muna.
  3051 | D:4      | Found a staircase to the Ecumenical Temple.
  3081 | Temple   | Entered the Ecumenical Temple
  3157 | Temple   | Became a worshipper of Warmaster Okawaru
  3207 | Temple   | Gained mutation: You are occasionally teleported next to monsters. [potion of mutation]
  3207 | Temple   | Gained mutation: Your magical capacity is low. (-10% MP) [potion of mutation]
  3207 | Temple   | Gained mutation: Your muscles are strong. (Str +2) [potion of mutation]
  3210 | Temple   | Lost mutation: You are occasionally teleported next to monsters. [potion of mutation]
  3210 | Temple   | Lost mutation: Your magical capacity is low. (-10% MP) [potion of mutation]
  3210 | Temple   | Lost mutation: Your muscles are strong. (Str +2) [potion of mutation]
  3210 | Temple   | Gained mutation: Armour fits poorly on your strangely shaped body. [potion of mutation]
  3210 | Temple   | Gained mutation: Your natural rate of healing is unusually fast. [potion of mutation]
  3277 | D:4      | Reached XP level 6. HP: 56/56 MP: 6/6
  3380 | D:4      | Lost mutation: Armour fits poorly on your strangely shaped body. [potion of mutation]
  3380 | D:4      | Lost mutation: Your natural rate of healing is unusually fast. [potion of mutation]
  3380 | D:4      | Gained mutation: Scrolls take you a little longer to read. [potion of mutation]
  3380 | D:4      | Gained mutation: Your flesh is cold resistant. (rC+) [potion of mutation]
  3380 | D:4      | Gained mutation: You have sharp toenails. [potion of mutation]
  3500 | D:4      | Reached skill level 6 in Axes
  3536 | D:4      | Reached XP level 7. HP: 63/63 MP: 7/7
  3761 | D:4      | Reached * piety under Okawaru
  4043 | D:5      | Entered Level 5 of the Dungeon
  4477 | D:5      | Noticed Grinder
  4493 | D:5      | Killed Grinder
  4493 | D:5      | Reached skill level 7 in Axes
  4493 | D:5      | Reached skill level 5 in Armour
  5103 | D:6      | Reached skill level 5 in Shields
  5103 | D:6      | Reached XP level 8. HP: 73/73 MP: 8/8
  5332 | D:6      | Noticed Pikel
  5349 | D:6      | Killed Pikel
  5349 | D:6      | Reached ** piety under Okawaru
  5349 | D:6      | Reached skill level 8 in Axes
  5872 | D:7      | Found a large runed door.
  5872 | D:7      | Found a large runed door.
  5873 | D:7      | Noticed Zorot's ghost (novice FoFi)
  6182 | D:7      | Reached skill level 9 in Axes
  6182 | D:7      | Reached XP level 9. HP: 82/82 MP: 9/9
  6774 | D:8      | Noticed Grum
  6802 | D:8      | Reached skill level 10 in Axes
  6808 | D:8      | Killed Grum
  6823 | D:8      | Reached *** piety under Okawaru
  6865 | D:8      | Found a sand-covered staircase.
  6875 | Ossuary  | Entered an ossuary
  7145 | Ossuary  | Noticed Menkaure
  7158 | Ossuary  | Killed Menkaure
  7158 | Ossuary  | Reached skill level 10 in Fighting
  7190 | Ossuary  | Reached XP level 10. HP: 93/93 MP: 10/10
  7597 | D:8      | Noticed Psyche
  7606 | D:8      | Killed Psyche
  7606 | D:8      | Reached **** piety under Okawaru
  7606 | D:8      | Reached skill level 11 in Axes
  7691 | D:8      | Noticed Maurice
  7700 | D:8      | Killed Maurice
  7961 | D:8      | Found the +7 Singing Sword
  8352 | D:9      | Noticed a cyclops
  8383 | D:9      | Killed a cyclops
  8383 | D:9      | Reached skill level 12 in Axes
  8421 | D:9      | Found a snail-covered altar of Cheibriados.
  8426 | D:9      | Found a glowing golden altar of the Shining One.
  8428 | D:9      | Found a white marble altar of Elyvilon.
  8429 | D:9      | Found a hide-covered altar of Uskayaw.
  8432 | D:9      | Found a stormy altar of Qazlal.
  8642 | D:9      | Noticed a two-headed ogre
  8660 | D:9      | Killed a two-headed ogre
  8660 | D:9      | Reached ***** piety under Okawaru
  9011 | D:10     | Entered Level 10 of the Dungeon
  9019 | D:10     | Reached XP level 11. HP: 98/104 MP: 11/11
  9363 | D:10     | Received a gift from Okawaru
  9366 | D:10     | Got a polished war axe {god gift}
  9367 | D:10     | Identified the +1 war axe of Umokoud {venom, rElec MR- Dex-2 SInv} (Okawaru gifted it to you on level 10 of the Dungeon)
  9452 | D:10     | Reached skill level 13 in Axes
  9514 | D:10     | Noticed a two-headed ogre
  9527 | D:10     | Killed a two-headed ogre
  9697 | D:10     | Found a glowing golden altar of the Shining One.
 10098 | D:11     | Found a labyrinth entrance.
 10098 | D:11     | Noticed a cyclops
 10098 | D:11     | Noticed a five-headed hydra
 10099 | D:11     | Found a staircase to the Lair.
 10107 | Lab      | Entered a labyrinth
 10451 | Lab      | Noticed a minotaur
 10467 | Lab      | Killed a minotaur
 10474 | Lab      | Found the +0 sword of Power
 10475 | Lab      | Got a smoking hunting sling
 10488 | Lab      | Identified the +5 hunting sling "Zyn Ughu" {flame, rN+} (You found it in a labyrinth)
 10551 | D:11     | Killed a five-headed hydra
 10551 | D:11     | Reached skill level 14 in Axes
 10551 | D:11     | Reached XP level 12. HP: 53/115 MP: 9/12
 10575 | D:11     | HP: 5/115 [red ugly thing (11)]
 10576 | D:11     | Slain by a red ugly thing

Vault maps used:
D:1:      eino_arrival_tree_alley, hangedman_decor_points
D:3:      lemuel_crystal_altar, chequers_ecumenical_altar_simple,
          corner_web_ring, uniq_ijyb, uniq_crazy_yiuf_cottage, uniq_robin
D:4:      minmay_temple_entry_water_ring, corexii_leaking_fountain,
          minmay_misc_feat_cross
D:5:      first_ration, lemuel_flamethrower_2, uniq_grinder
D:6:      minmay_misc_feat_diagonals, uniq_pikel
D:7:      ebering_ghost_disaster_area
D:8:      old_forge, nicolae_ossuary_entry_catacombs, uniq_grum, uniq_maurice,
          uniq_psyche
D:9:      minitemple
D:10:     basic_altar
D:11:     lair_entry_dummy, zombieorc1_lemuel, lab_entry_generic
Temple:   eino_temple_scatter_basement
Lab:      labyrinth_watery, nicolae_lab_plus, nicolae_lab_stuck,
          labyrinth_skeletal_remains, lab_statue, nicolae_lab_garden, lab_block,
          lab_fountain, nicolae_lab_lava, nicolae_lab_blocks, nicolae_lab_swirl,
          nicolae_lab_quarters, nicolae_lab_t_cross
Ossuary:  ossuary_boxes_badplayer

Skill      XL: |  1  2  3  4  5  6  7  8  9 10 11 |
---------------+----------------------------------+-----
Axes           | 3 4 5 6 7 9 10 12 14 | 14.1
Fighting       | 4 5 6 7 8 10 11 13 | 13.3
Armour         | 4 5 6 8 9 |  9.2
Shields        | 4 5 6 8 9 |  9.1

Action                   |  1- 3 |  4- 6 |  7- 9 | 10-12 || total
-------------------------+-------+-------+-------+-------++-------
Melee: War axe           |   107 |   192 |   311 |   409 ||  1019
       Kick              |       |     5 |    93 |   162 ||   260
       Battleaxe         |       |       |       |    18 ||    18
       Spear             |       |       |       |    17 ||    17
Invok: Heroism           |       |       |     3 |     5 ||     8
  Use: Scroll            |       |     8 |     5 |     4 ||    17
       Potion            |       |     4 |     6 |     5 ||    15
 Stab: Invisible         |       |       |       |     1 ||     1
  Eat: Chunk             |     1 |     4 |     7 |     7 ||    19
       Ration            |       |     1 |     2 |     1 ||     4
Armor: Scale mail        |    43 |    86 |   114 |   162 ||   405
Dodge: Dodged            |    27 |    50 |    77 |    96 ||   250
       Deflected         |       |       |     1 |     5 ||     6
Block: Shield            |    68 |   117 |   127 |   194 ||   506

Table legend:
 A = Spawn XP
 B = Non-spawn XP
 C = Spawn XP percentage of total XP
 D = Spawn monster count
 E = Non-spawn monster count
 F = Spawn count percentage of total count
 G = Total turns spent on level
                    A         B        C        D         E        F      G
               +---------+---------+-------+---------+---------+-------+---------
         Total |       0 |   19386 |   0.0 |       0 |     285 |   0.0 | 10576
               +---------+---------+-------+---------+---------+-------+---------
           D:1 |       0 |      25 |   0.0 |       0 |      14 |   0.0 |   886
           D:2 |       0 |      80 |   0.0 |       0 |      29 |   0.0 |   835
           D:3 |       0 |     193 |   0.0 |       0 |      26 |   0.0 |  1324
           D:4 |       0 |     478 |   0.0 |       0 |      25 |   0.0 |   891
           D:5 |       0 |     404 |   0.0 |       0 |      15 |   0.0 |   874
           D:6 |       0 |     858 |   0.0 |       0 |      17 |   0.0 |   875
           D:7 |       0 |     943 |   0.0 |       0 |      15 |   0.0 |   908
           D:8 |       0 |    3806 |   0.0 |       0 |      55 |   0.0 |   965
           D:9 |       0 |    1777 |   0.0 |       0 |       9 |   0.0 |   706
          D:10 |       0 |    4722 |   0.0 |       0 |      25 |   0.0 |  1018
          D:11 |       0 |    2612 |   0.0 |       0 |      10 |   0.0 |   111
           Lab |       0 |    2885 |   0.0 |       0 |       8 |   0.0 |   429
       Ossuary |       0 |     603 |   0.0 |       0 |      37 |   0.0 |   602
               +---------+---------+-------+---------+---------+-------+---------
